 Dungeon Crawl Stone Soup version 0.18.1-1-g2f07953 (webtiles) character file.

137 Eucla the Cudgeler (level 5, 0/57 HPs)
             Began as an Ogre Berserker on May 6, 2016.
             Was a Believer of Trog.
             Slain by an ogre
             ... wielding a +0 giant spiked club
              (20 damage)
             ... on level 3 of the Dungeon.
             The game lasted 00:02:01 (1776 turns).

Eucla the Cudgeler (Ogre Berserker)                 Turns: 1776, Time: 00:02:02

Health: 0/57       AC:  3    Str: 22    XL:     5   Next: 20%
Magic:  5/5        EV: 10    Int:  6    God:    Trog [**....]
Gold:   72         SH:  0    Dex: 10    Spells: 0 memorised, 4 levels left

rFire  . . .     SeeInvis .     a - +0 mace
rCold  . . .     Gourm    .     b - +0 animal skin
rNeg   . . .     Faith    .     (no shield)
rPois  .         Spirit   .     (helmet restricted)
rElec  .         Dismiss  .     (no cloak)
rCorr  .         Reflect  .     (gloves unavailable)
SustAt .         Harm     .     (boots unavailable)
MR     .....                    (no amulet)
Stlth  +.........               (no ring)
                                (no ring)

@: not resistant to hostile enchantments, very unstealthy
A: unfitting armour, tough skin 1
a: Berserk, Trog's Hand, Burn Spellbooks, Renounce Religion


You were on level 3 of the Dungeon.
You worshipped Trog.
Trog was pleased with you.
You were not hungry.

You visited 1 branch of the dungeon, and saw 3 of its levels.

You collected 162 gold pieces.
You spent 90 gold pieces at shops.

Inventory:

Hand Weapons
 a - a +0 mace (weapon)
Armour
 b - a +0 animal skin (worn)
Scrolls
 e - a scroll of amnesia {unknown}
 f - 2 scrolls of remove curse {unknown}
 g - a scroll of enchant weapon {unknown}
 h - 2 scrolls of teleportation {unknown}
 k - 3 scrolls of fog {unknown}
 q - 5 scrolls of identify {unknown}
 r - a scroll of noise {unknown}
Potions
 i - a potion of haste {unknown}
 j - a potion of degeneration {unknown}
 l - a potion of berserk rage {unknown}
 n - 2 potions of heal wounds {unknown}
 o - a potion of flight {unknown}
 p - 2 potions of curing
Comestibles
 c - 3 bread rations
 d - a meat ration


   Skills:
 + Level 5.3 Fighting
 * Level 6.6 Maces & Flails
 - Level 2.7 Dodging


You had 4 spell levels left.
You didn't know any spells.

Dungeon Overview and Level Annotations

Branches:
Dungeon (3/15)

Altars:
Zin


Innate Abilities, Weirdness & Mutations

You are too large for most types of armour.
You have tough skin (AC +1).


Message History

The ogre hits you with a giant spiked club.
Unknown command.
There are monsters nearby!
You hit the ogre.
The ogre is lightly wounded.
The ogre closely misses you. The kobold closely misses you.
You hit the ogre.
The ogre is moderately wounded.
You feel sick.
You are no longer poisoned.
The kobold hits you with a short sword.
Unknown command.
You sock the ogre!
The ogre is severely wounded.
The ogre closely misses you. The kobold barely misses you.
Unknown command.
You sock the ogre!
The ogre is almost dead.
The ogre hits you with a giant spiked club!!
You die...

# #<# # ###.# ###
##########.#<# #..
..).....†.#..# #.#
)####.#.##.### #.#
.# #.#.##.# #.# .#
#.#.##.## #.# ##
#.#.....# #O# #
#.####..# #@#######
#
#.####..####.K......
#
#...............<...
#
..###..##..########
# #..##..# # ...
#..##..# #..
##..##..### #..
#.........#
#..##..........


You could see an ogre and a kobold.

Vanquished Creatures
  Jessica (D:2)
  2 adders
  3 gnolls (D:2)
  3 worms
  2 dart slugs
  A giant gecko (D:2)
  4 orcs (D:3)
  A ball python (D:1)
  A bat (D:2)
  6 giant cockroaches (D:2)
  4 goblins
  8 hobgoblins
  3 kobolds
  4 giant newts (D:2)
  3 rats (D:1)
46 creatures vanquished.

Notes
Turn   | Place    | Note
--------------------------------------------------------------
     0 | D:1      | Eucla the Ogre Berserker began the quest for the Orb.
     0 | D:1      | Reached XP level 1. HP: 24/24 MP: 1/1
   319 | D:1      | Reached XP level 2. HP: 30/32 MP: 2/2
   894 | D:2      | Reached skill level 5 in Maces & Flails
   909 | D:2      | Noticed Jessica
   915 | D:2      | Killed Jessica
   915 | D:2      | Reached XP level 3. HP: 38/40 MP: 3/3
  1086 | D:2      | Reached ** piety under Trog
  1086 | D:2      | Reached XP level 4. HP: 31/49 MP: 4/4
  1101 | D:2      | Reached skill level 6 in Maces & Flails
  1177 | D:2      | Found Zin's Purification Station.
  1179 | D:2      | Found a glowing silver altar of Zin.
  1184 | D:2      | Bought a potion of curing for 90 gold pieces
  1250 | D:2      | Reached skill level 5 in Fighting
  1661 | D:3      | Reached XP level 5. HP: 48/57 MP: 5/5
  1769 | D:3      | Noticed an ogre
  1776 | D:3      | Slain by an ogre

Skill      XL: |  1  2  3  4 |
---------------+-------------+-----
Maces & Flails | 5 6 |  6.6
Fighting       | 5 |  5.3
Dodging        | |  2.7

Action                   |  1- 3 |  4- 6 || total
-------------------------+-------+-------++-------
Melee: Mace              |    80 |    83 ||   163
Invok: Berserk           |       |     1 ||     1
  Eat: Chunk             |     1 |       ||     1
       Fruit             |       |     2 ||     2
       Beef jerky        |       |     1 ||     1
Armor: Animal skin       |    25 |    19 ||    44
Dodge: Dodged            |    54 |    35 ||    89
